 Dungeon Crawl Stone Soup version 0.30-a0-652-gcc886f7154 (webtiles) character file.

Game seed: 17524721768288980662

5877 wormed the Summoner (level 10, -15/84 HPs)
             Began as a Black Draconian Warper on Jan 18, 2023.
             Was an Initiate of Gozag.
             Demolished by a komodo dragon (23 damage)
             ... on level 1 of the Lair of Beasts.
             The game lasted 00:15:34 (11943 turns).

wormed the Summoner (Black Draconian Warper)       Turns: 11943, Time: 00:15:35

Health: -15/84     AC:  9    Str: 13    XL:     10   Next: 52%
Magic:  21/21      EV: 14    Int: 19    God:    Gozag
Gold:   872        SH:  0    Dex: 16    Spells: 19/24 levels left

rFire   . . .      SeeInvis +    s - +4 quarterstaff (chaos)
rCold   . . .      Faith    .    (shield currently unavailable)
rNeg    . . .      Spirit   .    (body armour unavailable)
rPois   .          Reflect  .    (helmet restricted)
rElec   +          Harm     .    r - +1 cloak
rCorr   .          Rampage  .    (no gloves)
Will    .....                    (no boots)
Stlth   +                        (no amulet)
HPRegen 0.34/turn                p - +6 ring of dexterity
MPRegen 0.17/turn                z - ring of see invisible

@: no status effects
A: breathe lightning, AC +7, unfitting armour, electricity resistance,
cold-blooded
a: Breathe Lightning, Renounce Religion, Potion Petition, Call Merchant, Bribe
Branch


You were on level 1 of the Lair of Beasts.
You worshipped Gozag.
Gozag was pleased with you.
You visited 3 branches of the dungeon, and saw 11 of its levels.

You collected 1688 gold pieces.
You spent 220 gold pieces at shops.
You paid 596 gold pieces to Gozag.

Inventory:

Hand Weapons
 m - the +6 hand axe of the Present {antimagic, rN+ Int+4}
   (You found it on level 5 of the Dungeon)

   Int:       It affects your intelligence (+4).
   rN:        It protects you from negative energy.
 s - a +4 quarterstaff of chaos (weapon)
Missiles
 d - a curare-tipped dart
 n - 44 poisoned darts
Armour
 r - a +1 cloak (worn)
Jewellery
 p - a +6 ring of dexterity (left hand)
 x - an amulet of the acrobat
 z - a ring of see invisible (right hand)
 D - an amulet of reflection
Wands
 e - a wand of charming (9)
 g - a wand of mindburst (16)
 q - a wand of flame (18)
 t - a wand of digging (6)
 y - a wand of quicksilver (7) (quivered)
 B - a wand of polymorph (10)
Scrolls
 c - 2 scrolls of immolation
 l - a scroll of brand weapon
 u - 5 scrolls of identify
 v - 3 scrolls of teleportation
Potions
 b - a potion of invisibility
 h - a potion of resistance
 i - 2 potions of brilliance
 k - 5 potions of flight
 o - 2 potions of might
 w - a potion of attraction
 C - a potion of curing {unknown}


   Skills:
 - Level 6.5 Fighting
 - Level 5.0 Staves
 - Level 0.8 Throwing
 - Level 5.5 Dodging
 - Level 5.9 Unarmed Combat
 + Level 7.7 Spellcasting
 * Level 8.1 Summonings
 - Level 3.0 Translocations


You had 19 spell levels left.
You knew the following spells:

 Your Spells              Type           Power      Damage    Failure   Level
a - Call Canine Familiar  Summ           38%        N/A       1%          3
k - Blink                 Tloc           36%        N/A       4%          2

Your spell library contained the following spells:

 Spells                   Type           Power      Damage    Failure   Level
 Summon Small Mammal      Summ           100%       N/A       1%          1
 Lesser Beckoning         Tloc           36%        N/A       4%          2
 Summon Guardian Golem    Hex/Summ       22%        N/A       5%          3
 Momentum Strike          Conj/Tloc      26%        3d8       8%          2
 Teleport Other           Tloc           18%        N/A       9%          3
 Kiss of Death            Conj/Necr      28%        2d7       10%         1
 Necrotise                Necr           28%        1d5       10%         1
 Vhi's Electric Charge    Tloc/Air       26%        N/A       16%         3
 Manifold Assault         Tloc           18%        N/A       26%         4
 Vampiric Draining        Necr           7%         2d6       28%         3
 Petrify                  Tmut/Erth      7%         N/A       67%         4
 Metabolic Englaciation   Hex/Ice        3%         N/A       95%         5
 Statue Form              Tmut/Erth      4%         N/A       100%        6
 Haunt                    Necr/Summ      11%        N/A       100%        7


Dungeon Overview and Level Annotations

Branches:
Dungeon (9/15)             Temple (1/1) D:4            Lair (1/5) D:9
    Orc: D:9-12

Altars:
Ashenzari
Fedhas
Gozag
Hepliaklqana
Kikubaaqudgha
Makhleb
Nemelex Xobeh
Ru
Sif Muna
Trog
Uskayaw
Vehumet
Wu Jian
Xom
Yredelemnul

Shops:
D:3 !   D:5 (   D:6 :?   D:7 (

Annotations:
D:3 2 runed translucent doors, astrocodex43's ghost, amateur FoFi


Innate Abilities, Weirdness & Mutations

You can breathe wild blasts of lightning.
Your glossy black scales are hard. (AC +7)
You cannot fit into any form of body armour.
You are resistant to electric shocks. (rElec)
You are cold-blooded and may be slowed by cold attacks.


Message History

The water moccasin struggles to resist.
The water moccasin closely misses you.
Your hound bites the water moccasin but does no damage.
Aiming: Mindburst
Press: ? - help, Q - select action, (/) - cycle Shift-Dir - straight line, f/p - water moccasin
Aim: a water moccasin (severely wounded, ally target, chance to affect: 64%)
The water moccasin struggles to resist.
Your hound bites the water moccasin.
The water moccasin bites you!
* * * LOW HITPOINT WARNING * * *
Your hound bites the water moccasin.
Aiming: Mindburst
Press: ? - help, Q - select action, (/) - cycle Shift-Dir - straight line, f/p - water moccasin
Aim: a water moccasin (almost dead, not watching you, ally target, chance to affect: 64%)
The water moccasin's mind is blasted!!
You blow up the water moccasin!
The komodo dragon misses your hound.
Aiming: Mindburst
Press: ? - help, Q - select action, (/) - cycle Shift-Dir - straight line, f - you
Okay, then.
Your hound bites the komodo dragon.
The komodo dragon misses your hound.
Your hound closely misses the komodo dragon.
Your hound bites the komodo dragon.
The komodo dragon barely misses your hound.
Your hound closely misses the komodo dragon.
The komodo dragon bites your hound!
Your hound bites the komodo dragon but does no damage.
Your hound barely misses the komodo dragon.
Your hound disappears in a puff of smoke!
The komodo dragon hisses angrily.
The komodo dragon attacks as you move away!
The komodo dragon bites you!!
* * * LOW HITPOINT WARNING * * *
Aiming: Quicksilver Bolt
Press: ? - help, Q - select action, (/) - cycle Shift-Dir - straight line, f - komodo dragon
Aim: a komodo dragon (79% to hit)
The bolt of dispelling energy hits the komodo dragon!
The komodo dragon is moderately wounded.
The komodo dragon bites you!!
You die...
Your body crumbles into a pile of gold.

.........# #.......#
#.......## ####
#........# ##..##
#........#
#....####......###
#.....#..#####...####
### ####......###
#.##..#.##
#.######P.......@##
######...##
................l.#
##....
..................#
###..
..#####.#.........#
##. ..##
##.#...(....# ## ..P#
###........# ..##
#.....^.## ..#
#..#...## ..#
######...##.#


You could see a komodo dragon.

Vanquished Creatures
  2 cane toads (Lair:1)
  2 komodo dragons
  Sigmund (D:6)
  3 yaks (D:8)
  A vampire (D:9)
  2 steam dragons
  3 water moccasins (Lair:1)
  An acid dragon (D:9)
  A sky beast (D:5)
  An ice beast (D:7)
  An orc warrior (D:6)
  A black bear (D:5)
  3 ogres
  5 kobold brigands
  2 phantoms
  5 bullfrogs
  A necrophage (D:6)
  2 scorpions (D:6)
  3 wights (D:9)
  3 killer bees (D:9)
  An electric eel (D:6)
  3 howler monkeys
  A jelly (D:4)
  Crazy Yiuf (D:5)
  4 orc priests
  2 hounds
  6 iguanas
  7 orc wizards
  6 gnolls
  8 adders
  A shadow imp (D:8)
  2 white imps (D:7)
  An ufetubus (D:7)
  2 worms
  3 dart slugs
  30 orcs
  16 ball pythons
  7 endoplasms
  5 giant cockroaches
  11 goblins
  10 hobgoblins
  10 jackals
  30 kobolds
  4 quokkas
  7 bats
  2 frilled lizards
  11 rats
234 creatures vanquished.

Vanquished Creatures (collateral kills)
  2 bullfrogs
  2 wights (D:9)
  A howler monkey (D:9)
  An orc wizard (D:9)
  An orc (D:8)
  2 kobolds (D:9)
9 creatures vanquished.

Vanquished Creatures (others)
  An orc wizard (D:4)
  An orc (D:6)
  2 fungi (Lair:1)
  6 plants
10 creatures vanquished.

Grand Total: 253 creatures vanquished

Notes
Turn   | Place    | Note
-------+----------+-------------------------------------------
     0 | D:1      | wormed the Draconian Warper began the quest for the Orb.
     0 | D:1      | Reached XP level 1. HP: 17/17 MP: 3/3
   442 | D:1      | Reached XP level 2. HP: 24/25 MP: 5/5
   962 | D:1      | Reached XP level 3. HP: 30/30 MP: 6/6
   979 | D:1      | Learned a level 2 spell: Blink
  1589 | D:2      | Reached XP level 4. HP: 37/38 MP: 7/7
  2157 | D:3      | Found a sacrificial altar of Ru.
  2159 | D:3      | Found a shimmering blue altar of Sif Muna.
  2289 | D:3      | Found a runed translucent door.
  2307 | D:3      | Noticed astrocodex43's ghost (amateur FoFi)
  2307 | D:3      | Noticed a bullfrog
  2389 | D:3      | Found a runed translucent door.
  2389 | D:3      | Found Juvve's Distillery.
  2683 | D:4      | Noticed a phantom
  2748 | D:4      | Killed a phantom
  2749 | D:4      | Reached XP level 5. HP: 45/45 MP: 9/9
  2786 | D:4      | Found a staircase to the Ecumenical Temple.
  2815 | Temple   | Entered the Ecumenical Temple
  2821 | Temple   | Became a worshipper of Gozag Ym Sagoz the Greedy
  2894 | D:4      | Noticed an ogre
  3254 | D:4      | Killed an ogre
  3255 | D:4      | Reached XP level 6. HP: 10/52 MP: 9/11
  3475 | D:4      | HP: 1/52 [something/puff of flame (9)]
  3679 | D:4      | You fall into a shaft and drop 1 floor!
  3679 | D:5      | Entered Level 5 of the Dungeon
  3753 | D:5      | Identified the +6 hand axe of the Present {antimagic, rN+
                  | Int+4}
  3763 | D:5      | Noticed a sky beast
  3797 | D:5      | Killed a sky beast
  4235 | D:5      | Got the Directory of Dark Secrets
  4299 | D:5      | Found Naus's Antique Weapon Shoppe.
  4313 | D:5      | Your scales start taking on a glossy black colour.
  4313 | D:5      | Reached XP level 7. HP: 51/60 MP: 4/12
  4313 | D:5      | Gained mutation: You are resistant to electric shocks.
                  | (rElec) [Black Draconian growth]
  4686 | D:5      | Found a runed translucent door.
  4687 | D:5      | Noticed Crazy Yiuf
  4688 | D:5      | Identified the +4 hammer of Pomuig {freeze, rF- rC+ SInv
                  | Stlth+}
  4881 | D:5      | Reached skill level 5 in Fighting
  5252 | D:5      | Killed Crazy Yiuf
  5992 | D:6      | Reached skill level 1 in Staves
  5992 | D:6      | Reached XP level 8. HP: 62/69 MP: 14/14
  6057 | D:6      | Reached skill level 5 in Unarmed Combat
  6146 | D:6      | Reached skill level 5 in Dodging
  6150 | D:6      | Reached skill level 5 in Spellcasting
  6292 | D:6      | Found a sparkling altar of Nemelex Xobeh.
  6335 | D:6      | Noticed Sigmund
  6339 | D:6      | Killed Sigmund
  6680 | D:6      | Reached XP level 9. HP: 45/78 MP: 17/17
  6885 | D:6      | Found Ifemuim's Magic Scroll Emporium.
  7140 | D:6      | Found a burning altar of Makhleb.
  7140 | D:6      | Noticed an Executioner
  7144 | D:6      | Noticed a smoke demon
  7264 | D:6      | Bought a book of Callings for 220 gold pieces
  7268 | D:6      | Learned a level 1 spell: Summon Small Mammal
  7272 | D:6      | Learned a level 3 spell: Call Canine Familiar
  7320 | D:7      | Reached skill level 1 in Summonings
  7357 | D:7      | Reached skill level 2 in Summonings
  7809 | D:7      | Reached skill level 3 in Summonings
  7969 | D:7      | Found Rahenuod's Antique Weapon Shop.
  8040 | D:7      | Identified the +6 dagger of Equilibrium {speed, Will+
                  | Dex+7}
  8089 | D:7      | Found an ancient bone altar of Kikubaaqudgha.
  9102 | D:8      | Reached skill level 4 in Summonings
  9250 | D:8      | Reached skill level 5 in Summonings
  9642 | D:9      | Reached XP level 10. HP: 73/84 MP: 20/20
  9654 | D:9      | Reached skill level 5 in Staves
  9931 | D:9      | Found a staircase to the Lair.
  9960 | D:9      | Reached skill level 6 in Summonings
 10999 | Lair:1   | Entered Level 1 of the Lair of Beasts
 11057 | Lair:1   | Noticed a cane toad
 11076 | Lair:1   | Killed a cane toad
 11077 | Lair:1   | Reached skill level 7 in Summonings
 11777 | Lair:1   | Noticed a cane toad
 11785 | Lair:1   | Killed a cane toad
 11786 | Lair:1   | Reached skill level 8 in Summonings
 11943 | Lair:1   | Demolished by a komodo dragon

Illustrated notes

Levels and vault maps discovered:
D:1:      dpeg_cavernosity, layout_loops_ring
D:2:      layout_basic, nrook_campfire, minmay_heptomino_w4
D:3:      layout_loops_cross, mainiacjoe_overflow_big_doors,
          ebering_ghost_sewer_f, serial_shops, nicolae_shop_crystal
D:4:      layout_gridville, minmay_temple_entry_statues,
          chequers_serial_rivers_micro_b
D:5:      corexii_shack_village, layout_basic, minmay_shop_grid_forest,
          grunt_decor_junction, uniq_crazy_yiuf_cottage
D:6:      layout_loops_ring, makhleb_altar_promises_db, lemuel_round_altar,
          serial_shops, nicolae_shop_advertising_works
          [nicolae_subvault_shop_adworks], minmay_crystal_water,
          minmay_stone_trees_small, minmay_crossroads, uniq_sigmund
D:7:      layout_rooms, nicolae_kikubaaqudgha_miasma_corner, serial_shops, shop
D:8:      layout_basic, minmay_misc_feat_rows
D:9:      layout_irregular_city, david_lair_shrubbed, grunt_decor_arrowhead
Temple:   compressed_dpeg_triangle_lava_temple
Lair:1:   layout_cave_pods, minivault_27, patterned_corridor

Skill      XL: |  1  2  3  4  5  6  7  8  9 10 |
---------------+-------------------------------+-----
Fighting       | 3 4 5 6 |  6.5
Unarmed Combat | 3 4 5 |  5.9
Dodging        | 3 4 5 |  5.5
Spellcasting   | 3 4 5 6 7 |  7.7
Staves         | 1 3 4 5 |  5.0
Summonings     | 5 8 |  8.1
Throwing       | |  0.8
Translocations | |  3.0

Action                   |  1- 3 |  4- 6 |  7- 9 | 10-12 || total
-------------------------+-------+-------+-------+-------++-------
Melee: Unarmed           |   180 |   199 |       |       ||   379
       Tailslap          |    20 |    26 |    53 |    10 ||   109
       Punch             |     1 |     6 |     2 |       ||     9
       Hand axe          |       |    52 |    62 |       ||   114
       Quarterstaff      |       |       |   316 |   107 ||   423
Throw: Boomerang         |       |     7 |       |       ||     7
 Cast: Call Canine Famil |       |       |     8 |     9 ||    17
Invok: Call Merchant     |       |       |     1 |       ||     1
Evoke: Wand              |       |       |       |     5 ||     5
  Use: Scroll            |     5 |     5 |    12 |     2 ||    24
       Potion            |     1 |     2 |       |     6 ||     9
 Stab: Sleeping          |     1 |     4 |     1 |       ||     6
       Distracted        |       |       |     3 |       ||     3
Armor: Skin              |    65 |    84 |   127 |    39 ||   315
Dodge: Dodged            |   100 |   136 |   245 |    74 ||   555

Table legend: (Time is in decaauts)
 A = Elapsed time spent in this place.
 B = Non-inter-level travel time spent in this place.
 C = Inter-level travel time spent in this place.
 D = Time resting spent in this place.
 E = Time spent auto-exploring this place.
 F = Levels seen in this place.
 G = Mean time per level.
                   A        B        C        D        E       F      G
               +--------+--------+--------+--------+--------+-----+--------+
         Total |  12008 |  11453 |    555 |    238 |   9151 |  11 | 1091.6 |
       Dungeon |  11433 |  10891 |    542 |    238 |   8813 |   9 | 1270.3 |
        Temple |     12 |     12 |      0 |      0 |      0 |   1 |   12.0 |
          Lair |    562 |    549 |     13 |      0 |    338 |   1 |  562.0 |
               +--------+--------+--------+--------+--------+-----+--------+

Top non-repeatable levels by time:
     D:5: 1917 daAuts
     D:9: 1790 daAuts
     D:4: 1448 daAuts
     D:6: 1403 daAuts
     D:7: 1154 daAuts
     D:8: 1085 daAuts
     D:1: 1050 daAuts
     D:2: 901 daAuts
     D:3: 681 daAuts
  Lair:1: 562 daAuts
  Temple: 12 daAuts
